AoeStats
← TheQuietRiot

Arabia

507703121Analyzed
1v1 RM · 12d ago on Sep 19, 2026· 36m 33s· 2 players
Game mode
Random Map
Map size
Tiny (2 player)
Population
200
Speed
Normal
Resources
Standard
Victory
Conquest
Starting age
Dark Age
Ending age
Imperial Age
RankedLock teamsTeams togetherTeam positionsShared explorationLock speedFull tech treeHidden civsTurbo modeCheats
Victory
Defeat
🇹🇼 Wei · Taiwan
1015
+15
🇬🇧 Britons · United Kingdom
1002
-15
TheQuietRiot
10:14 Feudal Age
8:30 Loom
10:43 Double-Bit Axe
15:39 Fletching
17:40 Horse Collar
24:21 Castle Age
23:13 Stone Mining
23:22 Gold Mining
24:52 Wheelbarrow
24:56 Forging
25:04 Husbandry
27:19 Wheelbarrow
28:15 Scale Mail Armor
28:11 Bodkin Arrow
29:45 Squires
29:11 Pikeman
29:34 Crossbowman
31:10 Bow Saw
35:53 Gold Shaft Mining
36:16 Padded Archer Armor
雞丁變但丁
10:39 Feudal Age
8:55 Loom
11:24 Double-Bit Axe
13:22 Horse Collar
18:00 Fletching
25:10 Castle Age
23:50 Scale Barding Armor
24:48 Bloodlines
25:25 Gold Mining
26:55 Elite Skirmisher
31:39 Forging
34:01 Chain Barding Armor
35:31 Iron Casting
Connection lost

Rejoining the realm…

Still unreachable

The connection could not be restored.

Session expired

The server has moved on; the page needs a fresh start.